Unix NetHack Version 5.0.0-0 post-release - last build Jun 10 2026 00:39:30 (3ee93aec679c4c4259841fe613dc97188e26a321,branch:main).

Game began 2026-06-19 14:17:02, ended 2026-06-19 14:26:26.

DeathOnAStick, neutral male human Wizard

            ---   ----
           --.--- |..|
           |..<.| |..--
           |....---...|
           --.--.....--
            -----....|
                 --.-|
                  |..|
                  --.--
                   |..-
                   --..--    -.--
                    |...|   -...---  |   .....
                  ---...---.........^....--.
                  -.................---..:...
                  ............   ....--`%.^..
                  ..--           |.......--..
                  ---             -.--..-- -
                                   - ----
DeathOnAStick the Conjurer  St:10 Dx:16 Co:16 In:18 Wi:9 Ch:12  Neutral S:596
Dlvl:4  $:60 HP:0(35) Pw:24(27) AC:7  Xp:4/94 T:1022 

Latest messages:
 The magic missile hits it!
 The magic missile whizzes by you!
 D - a dagger.
 The gnome swings his sling.
 The gnome hits!
 You kill the gnome!
 The gnome hits!
 You kill the gnome!
 E - a melon.
 F - an emerald potion.
 G - a partly used candle (lit).
 H - a sling.
 I - 2 red gems.
 You hear a nearby zap.
 The magic missile hits you!
 The missiles bounce off!
 The magic missile bounces!
 The magic missile hits Fido!
 In what direction? k
 The spell hits the dwarf!
 You kill the dwarf!
 Welcome to experience level 4.
 There are several objects here.
 The gnome hits!
 You hit the gnome.
 The gnome misses!
 You kill the gnome!
 There is a dwarf corpse here; eat it? [ynq] (n) y
 Blecch!  Rotten food!
 You stop eating the dwarf corpse.
 The gnome lord hits!
 You hit the gnome lord!
 The gnome lord hits!
 You hit the gnome lord!
 The gnome lord misses!
 What do you want to wield? [- atBDH or ?*] a
 You are already wielding that!
 You hit the gnome lord.
 The newt bites!
 The gnome lord hits!
 Are you waiting to get hit?  Use 'm' prefix to force a no-op (to rest).
 The gnome lord swings wildly and misses!
 Click!  You trigger a rolling boulder trap!
 You are hit by a boulder!
 You die...
 Do you want your possessions identified? [ynq] (y) y
 Do you want to see your attributes? [ynq] (y) y
 Do you want an account of creatures vanquished? [ynaq] (y) y
 Do you want to see your conduct and achievements? [ynq] (y) y
 Do you want to see the dungeon overview? [ynq] (y) y

Inventory:
 Coins    ('$')
  $ - 60 gold pieces
 Weapons  (')')
  H - a blessed +0 sling
  B - 8 blessed +1 darts
  D - a +0 dagger
  t - a +0 spear
  a - a blessed +1 quarterstaff (weapon in hands)
 Armor    ('[')
  u - an uncursed +0 orcish helm (being worn)
  w - an uncursed +0 pair of kicking boots (being worn)
  b - an uncursed +0 cloak of magic resistance (being worn)
 Comestibles  ('%')
  r - 3 uncursed food rations
  E - an uncursed melon
  x - an uncursed pancake
 Scrolls  ('?')
  p - a cursed scroll of create monster
  j - an uncursed scroll of destroy armor
  i - a blessed scroll of food detection
  o - an uncursed scroll of identify
  k - an uncursed scroll of light
 Spellbooks  ('+')
  m - an uncursed spellbook of detect food
  l - a blessed spellbook of force bolt
 Potions  ('!')
  f - an uncursed potion of extra healing
  h - a blessed potion of see invisible
  F - an uncursed potion of sickness
  A - a potion of unholy water
 Rings    ('=')
  e - an uncursed ring of conflict
  d - an uncursed ring of protection from shape changers
  s - an uncursed ring of slow digestion
 Wands    ('/')
  v - a wand of nothing (0:8)
  c - a wand of teleportation (0:8)
 Tools    ('(')
  C - an empty uncursed sack
  n - a magic marker (0:22)
  G - a cursed partly used tallow candle (lit)
 Gems/Stones  ('*')
  q - an uncursed jasper stone
  I - 2 uncursed worthless pieces of red glass

DeathOnAStick the Wizard's attributes:

Background:
 You were a Conjurer, a level 4 male human Wizard.
 You were neutral, nominally on a mission for Thoth
 who was opposed by Ptah (lawful) and Anhur (chaotic).
 You were right-handed.
 You were in the Gnomish Mines, on level 4.
 You entered the dungeon 1022 turns ago.
 You had 94 experience points, 66 more were needed to attain level 5.
 Your score was 596 before end-of-game adjustments.

Basics:
 You had 0 out of 35 hit points.
 You had 24 out of 27 energy points (spell power).
 Your armor class was 7.
 Your wallet contained 60 zorkmids.
 Autopickup was off.

Final Characteristics:
 Your strength was 10 (limit:18/100).
 Your dexterity was 16 (limit:18).
 Your constitution was 16 (limit:18).
 Your intelligence was 18 (limit:18).
 Your wisdom was 9 (limit:18).
 Your charisma was 12 (limit:18).

Final Status:
 You weren't hungry.
 You were unencumbered.
 You were wielding a quarterstaff.
 You had basic skill with quarterstaff.

Final Attributes:
 You were devoutly aligned.
 You were magic-protected.
 You were invisible.
 You were warded.
 You are dead.

Miscellaneous:
 You didn't encounter any bones levels.
 Total elapsed playing time was 9 minutes and 22 seconds.

Major events:
 Turn
    1: DeathOnAStick the neutral male human Wizard entered the dungeon
  925: entered the Gnomish Mines
  963: attained the rank of Conjurer (level 3)
 1022: killed by a boulder

Spells:
 Name                 Level Category     Fail Retention
 force bolt             1   attack         0%  91%-100%
 detect food            2   divination    64%  76%-100%

Skills:
 Fighting Skills
   bare handed combat [Unskilled]
   riding             [Unskilled]
 Weapon Skills
   dagger             [Unskilled]
   knife              [Unskilled]
   axe                [Unskilled]
   short sword        [Unskilled]
   club               [Unskilled]
   mace               [Unskilled]
   quarterstaff       [Basic]
   polearms           [Unskilled]
   spear              [Unskilled]
   trident            [Unskilled]
   sling              [Unskilled]
   dart               [Unskilled]
   shuriken           [Unskilled]
 Spellcasting Skills
   attack spells      [Basic]
   healing spells     [Unskilled]
   divination spells  [Unskilled]
   enchantment spells [Basic]
   clerical spells    [Unskilled]
   escape spells      [Unskilled]
   matter spells      [Unskilled]

Voluntary challenges:
 Character rerolling was not enabled.
 You were an atheist.
 You were illiterate.
 You never genocided any monsters.
 You never polymorphed an object.
 You never changed form.
 You used no wishes.
Achievements:
 You entered the Gnomish Mines.
 You attained the rank of Conjurer.

 The Dungeons of Doom: levels 1 to 3
    Level 1:
       A fountain.
    Level 2:
       A fountain.
    Level 3:
       A fountain.
       Stairs down to The Gnomish Mines.
 The Gnomish Mines:
    Level 4: <- You were here.
       Final resting place for
          you, killed by a boulder.


Vanquished creatures:
  a gnome leader
  a gnomish wizard
  a dwarf
  a coyote
  6 gnomes
  2 jackals
  3 goblins
  2 grid bugs
  a bat
  a kobold zombie
  a newt
20 creatures vanquished.

No species were genocided or became extinct.

Game over:
                       ----------
                      /          \
                     /    REST    \
                    /      IN      \
                   /     PEACE      \
                  /                  \
                  |  DeathOnAStick   |
                  |      60 Au       |
                  |   killed by a    |
                  |     boulder      |
                  |                  |
                  |                  |
                  |       2026       |
                 *|     *  *  *      | *
        _________)/\\_//(\/(/\)/\//\/|_)_______

Goodbye DeathOnAStick the Wizard...

You died in The Gnomish Mines on dungeon level 4 with 590 points,
and 60 pieces of gold, after 1022 moves.
You were level 4 with a maximum of 35 hit points when you died.

